 Dungeon Crawl Stone Soup version 0.30-a0-779-g7971cf19c3 (webtiles) character file.

Game seed: 11327904844632573307

61 theswoord the Cudgeller (level 3, -2/29 HPs)
             Began as a Demonspawn Monk on Feb 17, 2023.
             Slain by a gnoll
             ... wielding a +0 spear
              (6 damage)
             ... on level 2 of the Dungeon.
             The game lasted 00:02:37 (1580 turns).

theswoord the Cudgeller (Demonspawn Monk)           Turns: 1580, Time: 00:02:37

Health: -2/29      AC:  8    Str: 13    XL:     3   Next: 83%
Magic:  0/3        EV:  6    Int: 11    God:
Gold:   107        SH:  5    Dex: 15    Spells: 2/2 levels left

rFire   . . .      SeeInvis .    d - +0 whip
rCold   . . .      Faith    .    (no shield)
rNeg    . . .      Spirit   +    f - +0 chain mail
rPois   .          Reflect  +    (no helmet)
rElec   .          Harm     +    i - scarf {harm}
rCorr   .          Rampage  .    (no gloves)
Will    .....                    (no boots) Stlth
                                 h - amulet of reflection
HPRegen 0.24/turn                (no ring)
MPRegen 0.16/turn                (no ring)

@: no status effects
A: magic shield, magic regeneration
a: no special abilities


You were on level 2 of the Dungeon.
You visited 1 branch of the dungeon, and saw 2 of its levels.

You collected 107 gold pieces.

Inventory:

Hand Weapons
 a - a +0 mace
 d - a +0 whip (weapon)
Armour
 b - a +0 robe
 f - a +0 chain mail (worn)
 i - a scarf of harm (worn)
Jewellery
 h - an amulet of reflection (around neck)
Scrolls
 e - 5 scrolls of fear
 g - a scroll of identify {unknown}
 j - a scroll of poison {unknown}
 k - a scroll of teleportation {unknown}
Potions
 c - a potion of ambrosia


   Skills:
 - Level 3.0 Fighting
 + Level 4.4 Maces & Flails
 - Level 2.6 Dodging
 - Level 1.7 Stealth


You had 2 spell levels left.
You didn't know any spells.
Your spell library was empty.

Dungeon Overview and Level Annotations

Branches:
Dungeon (2/15)

Altars:


Innate Abilities, Weirdness & Mutations

When hurt, damage is shared between your health and your magic reserves.
You regenerate magic rapidly.


Message History

You hit the gnoll. You barely miss the gnoll.
The gnoll hits you but does no damage.
You closely miss the gnoll. You block the gnoll's attack.
You closely miss the gnoll. You hit the gnoll. Your punch misses the gnoll.
The gnoll barely misses you.
You barely miss the gnoll. You block the gnoll's attack.
You hit the gnoll. You block the gnoll's attack.
You barely miss the gnoll. The gnoll hits you but does no damage.
You hit the gnoll.
You kill the gnoll!
The gnoll seems to regain its courage.
You barely miss the gnoll. You barely miss the gnoll.
The gnoll hits you from afar with a +0 spear.
The gnoll barely misses you.
You barely miss the gnoll.
The gnoll hits you from afar with a +0 spear.
The gnoll hits you with a +0 whip.
You barely miss the gnoll. You hit the gnoll. The gnoll closely misses you.
The gnoll hits you but does no damage.
You barely miss the gnoll.
The gnoll hits you from afar with a +0 spear.
The gnoll hits you with a +0 whip.
* * * LOW HITPOINT WARNING * * *
You hit the gnoll.
The gnoll hits you from afar with a +0 spear.
* * * LOW HITPOINT WARNING * * *
The gnoll hits you with a +0 whip.
* * * LOW HITPOINT WARNING * * *
You hit the gnoll. You block the gnoll's attack.
The gnoll hits you but does no damage.
You hit the gnoll but do no damage.
The gnoll hits you from afar with a +0 spear.
* * * LOW HITPOINT WARNING * * *
The gnoll hits you but does no damage.
You hit the gnoll.
You kill the gnoll!
The gnoll hits you from afar with a +0 spear.
You die...

#.# #...# #.....#
#.# #...# #.##.##
#.# #...## #. #.#
#.# ##...### #. #.#
#.# #.....###
##.##.## ###.###
##...)..##
#..#.#.##### ......#
###.....#
###.###....# ###.#.#
###...###....#.###.#
###.#.#
##@).#####..## #.#
....#.# #)..# #.##
#.# #####.## #g..#
#<# #.# ##...#
##...# #.# #†#
#....# ...# #.# #.#
##...###### #..# #.#
#.# ##.......# .##
#.# #.# ##.####.# ..
..# #.# #.# #.# ###
#.#


You could see a gnoll.

Vanquished Creatures
  3 gnolls (D:2)
  An adder (D:2)
  2 dart slugs
  2 endoplasms (D:2)
  4 giant cockroaches (D:1)
  A goblin (D:1)
  3 hobgoblins
  3 quokkas
  4 bats
  2 frilled lizards
  A kobold (D:1)
  3 rats
29 creatures vanquished.

Notes
Turn   | Place    | Note
-------+----------+-------------------------------------------
     0 | D:1      | theswoord the Demonspawn Monk began the quest for the Orb.
     0 | D:1      | Reached XP level 1. HP: 18/18 MP: 1/1
    87 | D:1      | Reached skill level 3 in Maces & Flails
   250 | D:1      | Gained mutation: You regenerate magic rapidly. [demonic
                  | ancestry]
   250 | D:1      | Reached XP level 2. HP: 22/24 MP: 2/2
   287 | D:1      | Found a faded altar of an unknown god.
   304 | D:1      | Found a faded altar of an unknown god.
   962 | D:2      | Gained mutation: When hurt, damage is shared between your
                  | health and your magic reserves. [demonic ancestry]
   962 | D:2      | Reached XP level 3. HP: 25/29 MP: 3/3
  1239 | D:2      | Reached skill level 4 in Maces & Flails
  1580 | D:2      | Slain by a gnoll

Skill      XL: |  1  2  3 |
---------------+----------+-----
Maces & Flails | 3 4 |  4.4
Fighting       | |  3.0
Dodging        | |  2.6
Stealth        | |  1.7

Action                     || total
---------------------------++-------
  Melee: Whip              ||   143
         Mace              ||     6
         Punch             ||     1
    Use: Scroll            ||     1
   Stab: Sleeping          ||     3
 Armour: Robe              ||     2
         Chain mail        ||    56
  Dodge: Dodged            ||    45
  Block: Other             ||    19
         Reflection        ||     1

Levels and vault maps discovered:
D:1:      dpeg_arrival_tiny_j, layout_loops_cross,
          hellmonk_ecumenical_altar_the_god_not_taken,
          amcnicky_mini_rare_corridor_liquid
D:2:      layout_loops_ring, eino_curves_04, pf_guarded_unrand_woodcutter
